 Dungeon Crawl Stone Soup version 0.27.1-33-g824d729ab1 (webtiles) character file.

Game seed: 6389671400148206220

2007 halfoni the Cleaver (level 9, -5/95 (97) HPs)
             Began as an Ogre Berserker on Dec 18, 2021.
             Was an Elder of Trog.
             Slain by a boulder beetle (30 damage)
             ... on level 7 of the Dungeon.
             The game lasted 00:11:58 (10567 turns).

halfoni the Cleaver (Ogre Berserker)               Turns: 10567, Time: 00:11:59

HP:   -5/95 (97)    AC:  4    Str: 26    XL:     9   Next: 22%
MP:   9/9           EV: 11    Int:  8    God:    Trog [****..]
Gold: 377           SH:  0    Dex:  8    Spells: 8/8 levels left

rFire    . . .     SeeInvis .   k - +0 hand axe (protect)
rCold    . . .     Faith    .   (no shield)
rNeg     . . .     Spirit   .   a - +0 robe
rPois    .         Reflect  .   (helmet restricted)
rElec    .         Harm     .   b - +0 cloak
rCorr    .         Rampage  .   (gloves unavailable)
Will     .....                  (boots unavailable)
Stlth    +.........             (no amulet)
HPRegen  0.25/turn              r - ring of flight
MPRegen  0.11/turn              (no ring)

@: on berserk cooldown, flying, slowed, lightly drained, very slow
A: large, unfitting armour, tough skin 1
a: Renounce Religion, Berserk, Trog's Hand, Brothers in Arms


You were on level 7 of the Dungeon.
You worshipped Trog.
Trog was greatly pleased with you.
You visited 1 branch of the dungeon, and saw 7 of its levels.

You collected 377 gold pieces.

Inventory:

Hand Weapons
 e - a +2 short sword of flaming
 k - a +0 hand axe of protection (weapon)
Armour
 a - a +0 robe (worn)
 b - a +0 cloak (worn)
Jewellery
 r - a ring of flight (left hand)
Wands
 n - a wand of digging (6)
 o - a wand of flame (9)
 p - a wand of iceblast (8)
 q - a wand of mindburst (11)
Scrolls
 i - a scroll of teleportation {unknown}
 j - 3 scrolls of identify
Potions
 c - 3 potions of cancellation
 d - a potion of lignification {unknown}
 f - 2 potions of brilliance {unknown}
 g - 2 potions of mutation {unknown}
 h - 2 potions of curing {unknown}
 l - a potion of attraction {unknown}
 m - a potion of heal wounds {unknown}
 t - a potion of flight {unknown}


   Skills:
 + Level 8.7 Fighting
 + Level 9.1 Axes
 + Level 5.8 Dodging


You had 8 spell levels left.
You didn't know any spells.
Your spell library was empty.

Dungeon Overview and Level Annotations

Branches:
Dungeon (7/15)             Temple (0/1) D:5

Altars:
Dithmenos
Elyvilon
Fedhas
Okawaru
Xom

Shops:
D:6 *


Innate Abilities, Weirdness & Mutations

You are too large for most types of armour.
You have tough skin. (AC +1)


Message History

Your weapon exudes an aura of protection.
The boulder beetle is lightly wounded.
The boulder beetle bites you.
You hit the boulder beetle but do no damage.
The boulder beetle is lightly wounded.
The boulder beetle bites you!
You hit the boulder beetle but do no damage.
The boulder beetle is lightly wounded.
You completely miss the boulder beetle.
The boulder beetle is lightly wounded.
The boulder beetle bites you!
You hit the boulder beetle but do no damage.
The boulder beetle is lightly wounded.
You hit the boulder beetle.
The boulder beetle is lightly wounded.
The boulder beetle bites you!!
* * * LOW HITPOINT WARNING * * *
You hit the boulder beetle but do no damage.
The boulder beetle is lightly wounded.
You hit the boulder beetle but do no damage.
The boulder beetle is lightly wounded.
The boulder beetle bites you.
* * * LOW HITPOINT WARNING * * *
You hit the boulder beetle but do no damage.
The boulder beetle is lightly wounded.
The boulder beetle closely misses you.
You hit the boulder beetle but do no damage.
The boulder beetle is lightly wounded.
You hit the boulder beetle but do no damage.
The boulder beetle is lightly wounded.
The boulder beetle leaps!
Found a scroll of identify.
You feel a strong urge to attack something.
The boulder beetle leaps!
You are no longer berserk.
You are exhausted.
You feel yourself slow down.
The boulder beetle curls into a ball and begins rolling!
The boulder beetle hits you!!
You die...

...#####..###...####...
#..)..#...#..... ##
##[)#.......##.#
.#####)##.....###.# ..#
#.##..##.)...# #.#
#..#:.#.>..###
#.####......##.### #####
##................#
......####B@....#.##.##.....
.....°°°○○.##..#..#.........
.°.........)........##.###..
......#######....#####.# ##
.....? ..##..# #.# #####
.### ..# #. .# #.#


You could see a boulder beetle (rolling).

Vanquished Creatures
  Menkaure (D:7)
  A black bear (D:5)
  3 necrophages
  An ogre (D:6)
  A centaur (D:7)
  2 phantoms
  A kobold brigand (D:5)
  3 scorpions
  A water moccasin zombie (D:7)
  4 wights (D:7)
  Crazy Yiuf (D:3)
  2 orc priests
  A jelly (D:5)
  3 iguanas
  Natasha (twice) (D:4)
  5 orc wizards
  2 killer bee zombies
  Robin (D:2)
  8 adders
  A shadow imp (D:6)
  2 white imps
  3 ufetubi
  A worm (D:2)
  A dart slug (D:3)
  18 orcs
  10 endoplasms
  3 giant cockroaches
  14 goblins
  12 hobgoblins
  4 jackals
  23 kobolds
  4 quokkas
  5 ball pythons
  A frilled lizard (D:3)
  4 rats
149 creatures vanquished.

Vanquished Creatures (others)
  65 plants (D:5)
65 creatures vanquished.

Grand Total: 214 creatures vanquished

Notes
Turn   | Place    | Note
-------+----------+-------------------------------------------
     0 | D:1      | halfoni the Ogre Berserker began the quest for the Orb.
     0 | D:1      | Reached XP level 1. HP: 24/24 MP: 1/1
   232 | D:1      | Reached XP level 2. HP: 18/32 MP: 2/2
   764 | D:1      | Reached XP level 3. HP: 39/40 MP: 3/3
  1093 | D:2      | Reached ** piety under Trog
  1435 | D:2      | Found a white marble altar of Elyvilon.
  1504 | D:2      | Reached XP level 4. HP: 43/49 MP: 4/4
  1592 | D:2      | Found a faded altar of an unknown god.
  1658 | D:2      | Reached skill level 4 in Axes
  1943 | D:2      | Noticed Robin
  1951 | D:2      | Killed Robin
  2210 | D:2      | HP: 2/49 [poisoned by an adder]
  2838 | D:3      | Reached skill level 5 in Fighting
  2852 | D:3      | Reached XP level 5. HP: 57/57 MP: 5/5
  2853 | D:3      | Found a blossoming altar of Fedhas.
  3917 | D:3      | Reached skill level 5 in Axes
  3992 | D:3      | Found a runed translucent door.
  3993 | D:3      | Noticed Crazy Yiuf
  4132 | D:3      | Killed Crazy Yiuf
  4133 | D:3      | Reached XP level 6. HP: 66/66 MP: 6/6
  4314 | D:4      | Reached *** piety under Trog
  4455 | D:4      | Noticed a necrophage
  4459 | D:4      | Killed a necrophage
  4506 | D:4      | Noticed Natasha
  4513 | D:4      | Reached skill level 6 in Axes
  4513 | D:4      | Reached XP level 7. HP: 66/75 MP: 7/7
  4518 | D:4      | Killed Natasha
  4781 | D:4      | Found an iron altar of Okawaru.
  5222 | D:4      | Noticed Natasha
  5226 | D:4      | Killed Natasha
  5297 | D:5      | Entered Level 5 of the Dungeon
  5390 | D:5      | Identified the +1 leather armour of Green New Discoveries
                  | {rElec rC+ Dex-4 Slay+2}
  5874 | D:5      | Reached skill level 7 in Axes
  5962 | D:5      | Reached XP level 8. HP: 23/84 MP: 8/8
  5962 | D:5      | Reached **** piety under Trog
  6395 | D:5      | Found a staircase to the Ecumenical Temple.
  8057 | D:6      | Reached skill level 5 in Dodging
  8160 | D:6      | Reached skill level 8 in Axes
  9041 | D:6      | Found Xiqufido's General Store.
  9668 | D:7      | Found a shimmering altar of Xom.
  9668 | D:7      | Found a shadowy altar of Dithmenos.
  9707 | D:7      | Noticed Menkaure
 10095 | D:7      | Killed Menkaure
 10096 | D:7      | Reached XP level 9. HP: 96/96 MP: 9/9
 10451 | D:7      | Reached skill level 9 in Axes
 10547 | D:7      | Noticed a boulder beetle
 10567 | D:7      | Slain by a boulder beetle

Illustrated notes

Levels and vault maps discovered:
D:1:      dpeg_arrival_pits, layout_rooms, minmay_tree_intersection,
          skrybe_limestone_x
D:2:      layout_basic, shapermc_ecumenical_altar_totnotflames, basic_altar,
          chequers_serial_rivers_room_b, uniq_robin
D:3:      layout_loops_cross, mainiacjoe_overflow_chevrons, minmay_misc_feat_x,
          bh_walls_and_bars, uniq_crazy_yiuf_cottage
D:4:      layout_basic, kennysheep_little_box, kennysheep_pointless_box,
          uniq_natasha
D:5:      kennysheep_kobold_camp, layout_basic, temple_doors_e,
          serial_corexii_hall, chequers_hall_statues_wall_a,
          chequers_hall_statues_wall_a, minmay_misc_feat_square
D:6:      layout_cave_pods, serial_shops, nicolae_shop_crystal
D:7:      layout_rooms, chequers_temple_overflow_statue_of_worship,
          mainiacjoe_overflow_six_doors_small, uniq_menkaure

Skill      XL: |  1  2  3  4  5  6  7  8  9 |
---------------+----------------------------+-----
Dodging        | 3 4 5 |  5.8
Axes           | 4 5 6 7 8 9 |  9.1
Fighting       | 5 6 8 |  8.7

Action                   |  1- 3 |  4- 6 |  7- 9 || total
-------------------------+-------+-------+-------++-------
Melee: Hand axe          |    84 |   137 |   237 ||   458
Invok: Berserk           |     2 |     7 |    12 ||    21
  Use: Scroll            |       |       |     6 ||     6
 Stab: Sleeping          |     2 |       |       ||     2
Armor: Animal skin       |    30 |    24 |       ||    54
       Robe              |       |     5 |    63 ||    68
Dodge: Dodged            |    34 |    65 |   112 ||   211
